[Event "Team 45 45 League T33"]
[Site "Internet Chess Club"]
[Date "2007.05.18"]
[Round "5"]
[White "bmw2002"]
[Black "gagdad"]
[Result "1-0"]
[WhiteElo "1708"]
[BlackElo "1652"]
[ECO "A10"]
[TimeControl "2700+45"]

1. c4 f5 2. Nf3 Nf6 3. g3 g6 4. Bg2 Bg7 5. O-O d6 6. Nc3 O-O 7. d3 Qe8 8. Qb3
Kh8 9. Nd4 c6 10. Bd2 e5 11. Nf3 Qf7 12. Rac1 Na6 13. Na4 e4 14. dxe4 fxe4 15.
Ng5 Qe7 16. Qe3 Bh6 17. Nc3 Bf5 18. Qd4 Rae8 19. Nf7+ Rxf7 20. Bxh6 Qe5 21. Qxa7
Qc5 22. Qxc5 Nxc5 23. Rcd1 Rd7 24. Be3 Na6 25. Bd4 Kg7 26. Rd2 d5 27. cxd5 cxd5
28. Rfd1 Nb4 29. a3 Nc6 30. Bxf6+ Kxf6 31. Nxd5+ Kf7 32. Ne3 Rxd2 33. Rxd2 Ne5
34. Rd5 Ke6 35. Rb5 Re7 36. Rb6+ Nc6 37. g4 {Black resigns} 1-0

[Event "Team 45 45 League T33"]
[Site "Internet Chess Club"]
[Date "2007.05.19"]
[Round "5"]
[White "scyther314159"]
[Black "Sean"]
[Result "0-1"]
[WhiteElo "1422"]
[BlackElo "1656"]
[ECO "C02"]
[TimeControl "2700+45"]

1. e4 e6 2. d4 d5 3. e5 c5 4. c3 Nc6 5. Nf3 Bd7 6. Be3 cxd4 7. cxd4 Nge7 8. Nbd2
Nf5 9. Nb3 Nxe3 10. fxe3 b6 11. Bd3 Be7 12. Qc2 Nb4 13. Qe2 Nxd3+ 14. Qxd3 O-O
15. O-O a6 16. Rfc1 Bb5 17. Qd2 a5 18. Qf2 f6 19. Qg3 Rc8 20. Rxc8 Qxc8 21. Rc1
Qb7 22. exf6 Bxf6 23. Qd6 Re8 24. Rc7 Qb8 25. Qg3 e5 26. Rc1 exd4 27. Qxb8 Rxb8
28. Nbxd4 Bd3 29. Rc7 Bd8 30. Rd7 Be4 31. Ne6 Bf6 32. Nf4 Bxb2 33. Nxd5 Bb1 34.
Ne7+ Kf8 35. Nc6 Rc8 36. Na7 Rc1+ 37. Kf2 Ba3 38. Ng5 Bxa2 39. Nxh7+ Kg8 40. Ng5
Bc5 41. Nc6 g6 42. Nh7 Bxe3+ 43. Kxe3 Rxc6 {White resigns} 0-1

[Event "Team 45 45 League T33"]
[Site "Internet Chess Club"]
[Date "2007.05.18"]
[Round "5"]
[White "allanchs"]
[Black "Dostoy"]
[Result "0-1"]
[WhiteElo "1582"]
[BlackElo "1532"]
[ECO "B11"]
[TimeControl "2700+45"]

1. e4 c6 2. Nc3 d5 3. Nf3 Bg4 4. h3 Bxf3 5. Qxf3 Nf6 6. exd5 cxd5 7. d4 e6 8.
Bb5+ Nc6 9. Be3 Be7 10. O-O O-O 11. a3 Qb6 12. Rfd1 Rac8 13. Rab1 a6 14. Bxc6
Qxc6 15. Qe2 b5 16. Bf4 Bxa3 17. Nxb5 axb5 18. bxa3 Qxc2 19. Qxc2 Rxc2 20. Rxb5
Ne4 21. Rf1 Nc3 {White resigns} 0-1

[Event "Team 45 45 League T33"]
[Site "Internet Chess Club"]
[Date "2007.05.18"]
[Round "5"]
[White "mongmong"]
[Black "MathWorker"]
[Result "0-1"]
[WhiteElo "1544"]
[BlackElo "1540"]
[ECO "A80"]
[TimeControl "2700+45"]

1. d4 f5 2. Nf3 Nf6 3. e3 g6 4. Bd3 Bg7 5. Nbd2 d6 6. O-O O-O 7. Qe2 Qe8 8. e4
Nh5 9. Nb3 Nc6 10. c3 e5 11. exf5 Bxf5 12. Bxf5 gxf5 13. dxe5 Nxe5 14. Nxe5 Bxe5
15. Qc4+ Kh8 16. Be3 Qd7 17. f4 Bf6 18. Bd4 Rg8 19. Bxf6+ Nxf6 20. Nd2 Qg7 21.
Qe2 Rae8 22. Qf3 Re3 23. Qf2 Ng4 24. Qh4 Re2 25. Nf3 Ne3 26. g3 Nxf1 27. Kxf1
Rge8 28. Re1 Qe7 29. Qxe7 R2xe7 30. Rxe7 Rxe7 31. Nd4 Rf7 32. Kf2 h5 33. h4 Kh7
34. Ne6 Re7 35. Nd4 Kg6 36. b3 d5 37. Nf3 c5 38. a3 Kf6 39. a4 b6 40. Ng5 d4 41.
cxd4 cxd4 42. Nf3 d3 43. Ne5 d2 44. Ke2 d1=Q+ 45. Kxd1 Rxe5 46. fxe5+ Kxe5 47.
Ke2 Ke4 48. Kf2 a6 49. b4 f4 50. Kg2 fxg3 51. Kxg3 Ke3 52. Kh3 Kf3 53. Kh2 Kg4
54. Kg2 Kxh4 55. Kh2 Kg4 56. Kg2 h4 57. Kh2 h3 58. Kg1 Kg3 59. Kh1 Kf3 60. Kh2
Ke3 61. Kxh3 Kd3 62. b5 axb5 63. axb5 Kc4 64. Kg2 Kxb5 65. Kf2 Ka4 66. Ke2 Ka3
67. Kd2 Kb2 68. Kd3 b5 69. Kd4 b4 70. Kc4 b3 71. Kb4 Kc2 {White resigns} 0-1

[Event "Team 45 45 League T33"]
[Site "Internet Chess Club"]
[Date "2007.05.20"]
[Round "5"]
[White "calily"]
[Black "Luckydawg"]
[Result "1/2-1/2"]
[WhiteElo "1782"]
[BlackElo "1632"]
[ECO "B09"]
[TimeControl "2700+45"]

1. e4 d6 2. d4 Nf6 3. Nc3 g6 4. f4 Bg7 5. Nf3 c5 6. dxc5 Qa5 7. Bd3 Qxc5 8. Qe2
O-O 9. Be3 Qb4 10. Bd2 Nc6 11. Rb1 Qb6 12. Be3 Qc7 13. O-O Ng4 14. Nd5 Qd8 15.
Bd2 e6 16. Ne3 Nxe3 17. Bxe3 Nb4 18. Bc4 Qc7 19. c3 Nc6 20. Nd4 a6 21. Nxc6 Qxc6
22. Rbd1 b5 23. Bb3 Bb7 24. Bc2 Rad8 25. Rd2 d5 26. Rfd1 Qc7 27. exd5 Bxd5 28.
Qf2 Rd7 29. Bd4 Bxd4 30. Rxd4 Rfd8 31. a4 Bc4 32. b3 Rxd4 33. Rxd4 Rxd4 34. Qxd4
Bd5 35. axb5 axb5 36. Kf2 Qc6 37. g3 Bh1 38. Qd8+ Kg7 39. Qd4+ {Game drawn by
mutual agreement} 1/2-1/2

[Event "Team 45 45 League T33"]
[Site "Internet Chess Club"]
[Date "2007.05.19"]
[Round "5"]
[White "boffman"]
[Black "egd01"]
[Result "0-1"]
[WhiteElo "1470"]
[BlackElo "1627"]
[ECO "B22"]
[TimeControl "2700+45"]

1. e4 c5 2. c3 d6 3. d4 Nd7 4. Nf3 a6 5. Bd3 g6 6. O-O Bg7 7. Bg5 cxd4 8. cxd4
Qb6 9. Qb3 Bxd4 10. Nxd4 Qxd4 11. Be3 Qg7 12. Rc1 Ne5 13. Rc7 Nxd3 14. Qc2 Bd7
15. Rxb7 Rc8 16. Qxd3 Bb5 17. Qd2 Nf6 18. Bh6 Qg8 19. Nc3 Bc6 20. Rb6 Nxe4 21.
Nxe4 Bxe4 22. Rc1 Kd7 23. Rxa6 Rxc1+ 24. Qxc1 Qb8 25. Bd2 Rc8 26. Bc3 Bxg2 27.
Qh6 Qb7 28. Ra5 Bh1 29. Rg5 Rxc3 30. Rg3 Rxg3+ 31. Kf1 Qg2+ 32. Ke2 Qe4+ {White
resigns} 0-1

[Event "Team 45 45 League T33"]
[Site "Internet Chess Club"]
[Date "2007.05.21"]
[Round "5"]
[White "jjmolina"]
[Black "Rubacchus"]
[Result "1-0"]
[WhiteElo "1445"]
[BlackElo "1345"]
[ECO "C42"]
[TimeControl "2700+45"]

1. e4 e5 2. Nf3 Nf6 3. Nxe5 d6 4. Nf3 Nxe4 5. d4 d5 6. Bd3 Qe7 7. Be3 c5 8. dxc5
Nxc5 9. Bb5+ Bd7 10. Bxd7+ Qxd7 11. O-O Be7 12. Nc3 Bf6 13. Bxc5 Na6 14. Re1+
Kd8 15. Bd4 Bxd4 16. Qxd4 f6 17. Rad1 Nb4 18. Qxb4 {Black resigns} 1-0

[Event "Team 45 45 League T33"]
[Site "Internet Chess Club"]
[Date "2007.05.19"]
[Round "5"]
[White "houseofcook"]
[Black "kublai"]
[Result "1-0"]
[WhiteElo "1443"]
[BlackElo "1291"]
[ECO "C43"]
[TimeControl "2700+45"]

1. e4 e5 2. Nf3 Nf6 3. d4 Nxe4 4. Bd3 d5 5. Nxe5 Nd7 6. Qe2 Nxe5 7. Bxe4 dxe4 8.
Qxe4 Be6 9. Qxe5 Qd7 10. O-O f6 11. Qe3 O-O-O 12. c3 Qd5 13. Nd2 c5 14. Nf3 Bg4
15. Rd1 Bxf3 16. Qxf3 Qxf3 17. gxf3 c4 18. Bf4 Bd6 19. Bg3 Bxg3 20. fxg3 Rhe8
21. Re1 Kd7 22. Kf2 Rxe1 23. Rxe1 Re8 24. a4 Rxe1 25. Kxe1 a5 26. Ke2 Ke6 27.
Ke3 g5 28. f4 h6 29. g4 f5 30. gxf5+ Kxf5 31. fxg5 hxg5 32. h3 b6 33. Kf3 Kf6
34. Kg4 Kg6 35. d5 Kf6 36. d6 Ke6 37. d7 Kxd7 38. Kxg5 Ke7 39. Kg6 Kf8 40. h4
Kg8 41. h5 Kh8 42. h6 Kg8 43. h7+ Kh8 44. Kh6 b5 45. axb5 a4 46. b6 a3 47. b7 a2
48. b8=Q# {Black checkmated} 1-0

[Event "Team 45 45 League T33"]
[Site "Internet Chess Club"]
[Date "2007.05.19"]
[Round "5"]
[White "b-spot"]
[Black "HKNIGHT"]
[Result "1-0"]
[WhiteElo "1649"]
[BlackElo "1636"]
[ECO "A90"]
[TimeControl "2700+45"]

1. d4 e6 2. c4 f5 3. g3 Nf6 4. Bg2 c6 5. Nf3 Be7 6. O-O O-O 7. Nbd2 d5 8. Qc2
Nbd7 9. Ne1 Ne4 10. Nd3 Bf6 11. Nf3 Ng5 12. Nf4 Qe8 13. Nxg5 Bxg5 14. Nxe6 Qxe6
15. Bxg5 dxc4 16. Rfd1 Nb6 17. Rd2 Qf7 18. a4 Be6 19. a5 Nd7 20. Rad1 Nf6 21.
Bxf6 gxf6 22. d5 Bd7 23. Qxc4 Kh8 24. Qc2 Rac8 25. dxc6 Bxc6 26. Bxc6 Rxc6 27.
Qxf5 Qe6 28. Qxe6 Rxe6 29. Rd8 Rfe8 30. Rxe8+ Rxe8 31. Kf1 Re7 32. e3 Kg7 33.
Ke2 Kg6 34. Rd5 Rc7 35. Kd2 Rc4 36. Rb5 Rc7 37. Rd5 Rc4 38. b3 Rc7 39. f4 Re7
40. b4 Re4 41. Rd4 Re7 42. Kd3 Rc7 43. Rc4 Rd7+ 44. Ke2 Re7 45. e4 h6 46. Ke3
Rd7 47. Rc8 Kg7 48. g4 Re7 49. h4 Rd7 50. e5 fxe5 51. fxe5 Kf7 52. Ke4 b6 53.
Kf5 Ke7 54. Rh8 Rd4 55. axb6 axb6 56. Rxh6 Rxb4 57. Rh7+ Kd8 58. e6 Rb1 59. Kg6
b5 60. Rb7 b4 61. e7+ Ke8 62. h5 b3 63. h6 b2 64. h7 Rh1 65. Rxb2 Kxe7 66. Kg7
Rg1 67. Rb4 Rh1 68. h8=Q Rxh8 69. Kxh8 Kf6 70. Rb5 Kg6 71. g5 Kf7 72. Rb6 {Black
resigns} 1-0

[Event "Team 45 45 League T33"]
[Site "Internet Chess Club"]
[Date "2007.05.19"]
[Round "5"]
[White "Dagambiter"]
[Black "tammany"]
[Result "0-1"]
[WhiteElo "1505"]
[BlackElo "1730"]
[ECO "E32"]
[TimeControl "2700+45"]

1. d4 Nf6 2. c4 e6 3. Nc3 Bb4 4. Qc2 O-O 5. a3 Bxc3+ 6. Qxc3 Ne4 7. Qc2 f5 8.
Nh3 b6 9. f3 Nf6 10. Bg5 Bb7 11. e3 Nc6 12. Bd3 Ne7 13. Nf4 h6 14. Bxf6 Rxf6 15.
h4 Rc8 16. h5 c5 17. b3 cxd4 18. exd4 Nc6 19. Ne2 d5 20. c5 bxc5 21. Qxc5 Ne5
22. Qxa7 Nxd3+ 23. Kd2 Qc7 24. Kxd3 Qc2+ 25. Ke3 f4+ 26. Kf2 Rf7 27. Rhc1 Qxb3
28. Rxc8+ Bxc8 29. Qc5 Qe3+ 30. Kf1 Ba6 31. Ra2 Rb7 32. Qc8+ Kh7 33. Qc2+ Bd3
34. Qd1 Rb1 35. Qxb1 Bxb1 36. Rb2 Bd3 37. a4 Qxd4 38. Ra2 Qc4 39. Rb2 Qc1+
{White resigns} 0-1

[Event "Team 45 45 League T33"]
[Site "Internet Chess Club"]
[Date "2007.05.20"]
[Round "5"]
[White "dougmo"]
[Black "twintower"]
[Result "1-0"]
[WhiteElo "1549"]
[BlackElo "1609"]
[ECO "B00"]
[TimeControl "2700+45"]

1. e4 Nc6 2. Nf3 d6 3. d4 Nf6 4. Nc3 Bg4 5. Be2 e6 6. h3 Bh5 7. Bf4 Bxf3 8. Bxf3
Nxd4 9. Qxd4 e5 10. Bxe5 dxe5 11. Qxe5+ Be7 12. Rd1 Qc8 13. Nd5 Nxd5 14. exd5
O-O 15. O-O Re8 16. Qc3 Bf6 17. Qb3 Rb8 18. c4 Be5 19. Rfe1 Bd6 20. Qd3 Qd8 21.
Rxe8+ Qxe8 22. Qe3 Be5 23. Re1 f6 24. Bg4 c5 25. Kh1 h5 26. Be6+ Kh8 27. b3 Bd4
28. Qf3 Qg6 29. Bf5 Qg5 30. d6 g6 31. d7 Be5 32. Qxb7 {Black resigns} 1-0

[Event "Team 45 45 League T33"]
[Site "Internet Chess Club"]
[Date "2007.05.19"]
[Round "5"]
[White "sean98"]
[Black "werty"]
[Result "1-0"]
[WhiteElo "1556"]
[BlackElo "1364"]
[ECO "C01"]
[TimeControl "2700+45"]

1. e4 e6 2. d4 d6 3. Nf3 d5 4. e5 c5 5. c3 Nc6 6. Be2 cxd4 7. cxd4 Nge7 8. g4
Qb6 9. O-O Bd7 10. a3 h5 11. h3 hxg4 12. hxg4 f5 13. Nc3 O-O-O 14. Na4 Qc7 15.
g5 Ng6 16. b4 Be7 17. Bb2 Nf4 18. b5 Nh3+ 19. Kg2 Nf4+ 20. Kg3 Bxg5 21. Nxg5
Nxe2+ 22. Qxe2 Qa5 23. bxc6 Qxa4 24. cxd7+ Kb8 25. f4 Qb3+ 26. Rf3 {Black
resigns} 1-0

[Event "Team 45 45 League T33"]
[Site "Internet Chess Club"]
[Date "2007.05.21"]
[Round "5"]
[White "Warpdrive"]
[Black "Ernie1"]
[Result "0-1"]
[WhiteElo "1609"]
[BlackElo "1671"]
[ECO "A40"]
[TimeControl "2700+45"]

1. d4 c6 2. Nf3 d5 3. e3 Nf6 4. Bd3 Bg4 5. Nbd2 e6 6. O-O Bd6 7. Re1 Qc7 8. h3
Bh5 9. e4 Nxe4 10. Nxe4 dxe4 11. Bxe4 Bf4 12. Bxf4 Qxf4 13. Qd2 Qxd2 14. Nxd2
O-O 15. g4 Bg6 16. Bxg6 hxg6 17. Nf3 Nd7 18. Ng5 Nf6 19. Kg2 Rad8 20. c3 Rd5 21.
f4 Rb5 22. b3 Nd5 23. c4 Nxf4+ 24. Kf3 Rxg5 25. Kxf4 Ra5 26. Re5 Rxe5 27. Kxe5
Rd8 28. Rd1 Kf8 29. d5 exd5 30. cxd5 Rxd5+ 31. Rxd5 cxd5 32. Kxd5 Ke7 33. Ke5
f6+ 34. Kd5 Kd7 35. b4 Ke7 36. b5 Kd7 37. a3 Ke7 38. a4 Kd7 39. a5 Ke7 40. h4
Kd7 41. a6 b6 42. h5 g5 43. Kd4 Kd6 44. Ke4 Ke6 45. Kd4 f5 {White resigns} 0-1

[Event "Team 45 45 League T33"]
[Site "Internet Chess Club"]
[Date "2007.05.17"]
[Round "5"]
[White "NESKAYA"]
[Black "CoronelCintra"]
[Result "0-1"]
[WhiteElo "1602"]
[BlackElo "1889"]
[ECO "C59"]
[TimeControl "2700+45"]

1. e4 e5 2. Nf3 Nc6 3. Bc4 Nf6 4. Ng5 d5 5. exd5 Na5 6. Bb5+ c6 7. dxc6 bxc6 8.
Be2 h6 9. Nf3 e4 10. Ng1 Bd6 11. d3 O-O 12. dxe4 Nxe4 13. Nf3 Bg4 14. O-O Qc7
15. h3 Bxf3 16. Bxf3 Rad8 17. Bd2 Nxd2 18. Nxd2 Bf4 19. b4 Rxd2 20. Qe1 Nc4 21.
Qe4 Nb6 22. g3 Be5 23. Rae1 Bc3 24. Qe3 Rxc2 25. Rb1 Nd5 26. Bxd5 cxd5 27. Qd3
Rd2 28. Qf3 d4 {White resigns} 0-1

[Event "Team 45 45 League T33"]
[Site "Internet Chess Club"]
[Date "2007.05.19"]
[Round "5"]
[White "Talmage"]
[Black "ogoon"]
[Result "1-0"]
[WhiteElo "1634"]
[BlackElo "1614"]
[ECO "C17"]
[TimeControl "2700+45"]

1. e4 e6 2. d4 d5 3. Nc3 Bb4 4. e5 c5 5. a3 cxd4 6. Qg4 Bxc3+ 7. bxc3 g6 8. cxd4
Qc7 9. Bd2 Nh6 10. Qf4 Nf5 11. Nf3 Bd7 12. Bd3 Nc6 13. g4 Nfe7 14. O-O O-O-O 15.
Qh6 Rdf8 16. Bg5 Kb8 17. Bf6 Rhg8 18. Qxh7 g5 19. Nxg5 Ng6 20. Nxf7 Nxd4 21.
Bxg6 Be8 22. Bg7 Bxf7 23. Bxf8 Rxg6 24. Bd6 Rxg4+ 25. Kh1 Qxd6 26. exd6 Bg6 27.
Qc7+ Ka8 28. Qc8# {Black checkmated} 1-0

[Event "Team 45 45 League T33"]
[Site "Internet Chess Club"]
[Date "2007.05.18"]
[Round "5"]
[White "RD1974"]
[Black "Grenadier"]
[Result "0-1"]
[WhiteElo "1705"]
[BlackElo "1818"]
[ECO "B10"]
[TimeControl "2700+45"]

1. e4 c6 2. c4 d5 3. cxd5 cxd5 4. exd5 Qxd5 5. Nc3 Qd8 6. Bb5+ Bd7 7. Be2 Nf6 8.
Nf3 e6 9. Ne5 Bd6 10. Nxd7 Nbxd7 11. O-O O-O 12. d4 Rc8 13. Bf3 b6 14. Nb5 Bb8
15. Qa4 Re8 16. Nxa7 Qc7 17. g3 Qxa7 18. Qb5 e5 19. dxe5 Rc5 20. Qb3 Rcxe5 21.
Bf4 R5e6 22. Be3 Qa5 23. Rac1 Qf5 24. Bg2 h5 25. h4 Nc5 26. Qb5 Qd3 27. Bc6 Qxb5
28. Bxb5 R8e7 29. Bxc5 bxc5 30. Rxc5 Ba7 31. Rc2 Ng4 32. Bc4 Rf6 33. Kg2 Rc7 34.
b3 Kf8 35. Re2 Re7 36. Rd2 g6 37. a4 Bc5 38. Rc2 Bd4 39. a5 Re5 40. a6 Ra5 41.
b4 Ra4 42. b5 Bb6 43. Bd5 Rd4 44. Bc6 Rfd6 45. Re2 Rd2 46. Rfe1 Nxf2 47. Rxd2
Rxd2 48. Re8+ Kg7 49. Re7 Ng4+ 50. Kf1 Rf2+ 51. Ke1 Ba5+ 52. Kd1 Ra2 53. a7 Nf2+
54. Kc1 Nd3+ 55. Kb1 Rb2+ 56. Ka1 Bc3 57. a8=Q Rb3+ 58. Ka2 Nc1# {White
checkmated} 0-1

[Event "Team 45 45 League T33"]
[Site "Internet Chess Club"]
[Date "2007.05.16"]
[Round "5"]
[White "fredd"]
[Black "hondocando"]
[Result "0-1"]
[WhiteElo "1577"]
[BlackElo "1596"]
[ECO "E43"]
[TimeControl "2700+45"]

1. d4 Nf6 2. c4 e6 3. Nc3 Bb4 4. e3 b6 5. Nf3 Bb7 6. Bd3 O-O 7. O-O Bxc3 8. bxc3
d5 9. Bd2 Ba6 10. Ne5 Nfd7 11. Qh5 g6 12. Qe2 Nxe5 13. dxe5 c6 14. cxd5 Bxd3 15.
Qxd3 cxd5 16. Rfd1 Qh4 17. Rab1 Nd7 18. f4 Nc5 19. Qe2 Rfc8 20. Be1 Qd8 21. Rd4
Ne4 22. c4 Rc7 23. f5 gxf5 24. Qh5 Qg5 25. Qxg5+ Nxg5 26. cxd5 Rc2 27. d6 Rd8
28. d7 Rc7 29. Rbd1 a5 30. Bh4 h6 31. Bg3 Kf8 32. h4 Ne4 33. Bf4 h5 34. Bh6+ Kg8
35. g4 hxg4 36. Kg2 Nc5 37. Bg5 Rdxd7 38. Rxd7 Rxd7 39. Rh1 Rd2+ 40. Kg3 Ne4+
41. Kf4 Nxg5 42. Kxg5 Rxa2 43. h5 Re2 44. h6 Kh7 45. Kf6 g3 46. Kxf7 Rxe3 47.
Kxe6 f4 48. Rg1 Kxh6 49. Kf5 a4 50. Kf6 Kh5 51. Kf5 Rxe5+ 52. Kxe5 Kg4 53. Ke4
b5 54. Rf1 g2 55. Rxf4+ Kg3 56. Rf3+ Kh2 57. Rf2 Kh1 58. Rxg2 Kxg2 59. Kd3 Kf3
60. Kc3 Ke3 61. Kb4 Kd3 62. Ka3 Kc3 63. Ka2 b4 64. Kb1 Kb3 65. Ka1 Ka3 66. Kb1
b3 67. Ka1 Kb4 68. Kb2 a3+ 69. Kb1 Kc3 70. Ka1 b2+ 71. Kb1 a2+ 72. Kxa2 Kc2 73.
Ka3 b1=Q 74. Ka4 Kc3 {White resigns} 0-1

[Event "Team 45 45 League T33"]
[Site "Internet Chess Club"]
[Date "2007.05.18"]
[Round "5"]
[White "ltcdi"]
[Black "Zyme"]
[Result "0-1"]
[WhiteElo "1477"]
[BlackElo "1446"]
[ECO "C00"]
[TimeControl "2700+45"]

1. e4 e6 2. d3 d5 3. Nd2 c5 4. Ngf3 Nc6 5. g3 Nf6 6. Bg2 Be7 7. O-O O-O 8. Re1
b6 9. Nf1 Bb7 10. h3 dxe4 11. dxe4 Qxd1 12. Rxd1 Nxe4 13. Re1 Nf6 14. Ne5 Rac8
15. Bd2 Rfd8 16. Rad1 Ba8 17. c3 Nxe5 18. Bxa8 Rxa8 19. Rxe5 Bd6 20. Ree1 c4 21.
a4 Nd7 22. Be3 Ne5 23. Rb1 Nf3+ 24. Kg2 Nxe1+ 25. Rxe1 Rac8 26. Nd2 Rc6 27. Nf3
a6 28. Nd4 Rcc8 29. Bg5 Re8 30. Be3 Bc5 31. b4 Bxd4 32. Bxd4 b5 33. a5 Rcd8 34.
f4 h6 35. Re5 f6 36. Re2 Kf7 37. Kf3 Rd5 38. Ke4 g5 39. h4 gxh4 40. gxh4 Rg8 41.
Kf3 Rh5 42. Bf2 Rd8 43. Re4 Rd3+ 44. Kg4 Rhd5 45. Bd4 f5+ {White resigns} 0-1

[Event "Team 45 45 League T33"]
[Site "Internet Chess Club"]
[Date "2007.05.20"]
[Round "5"]
[White "AlPearson"]
[Black "Aquaman"]
[Result "1/2-1/2"]
[WhiteElo "1499"]
[BlackElo "1473"]
[ECO "B01"]
[TimeControl "2700+45"]

1. e4 d5 2. exd5 Qxd5 3. Nc3 Qa5 4. d4 c6 5. Bd2 Bf5 6. Nf3 Nd7 7. Bc4 Ngf6 8.
O-O e6 9. Re1 Qc7 10. h3 Bd6 11. Nh4 Bg6 12. Nxg6 hxg6 13. Qf3 O-O-O 14. Ne4
Nxe4 15. Qxe4 Nf6 16. Qf3 Rh5 17. g4 Rh7 18. Kg2 Rdh8 19. Rh1 Nd5 20. Rag1 f5
21. Kf1 Re8 22. Kg2 f4 23. Re1 g5 24. a3 Rh6 25. Bxd5 cxd5 26. Qc3 Qxc3 27. Bxc3
Kd7 28. Re2 Rf8 29. f3 b6 30. Rhe1 Rfh8 31. Rh1 Rc8 32. Bb4 Bxb4 33. axb4 Rc4
34. c3 Rc8 35. Rhe1 Rch8 36. Rh1 Rc8 37. Ra1 Ra8 38. Rae1 {Game drawn by mutual
agreement} 1/2-1/2

[Event "Team 45 45 League T33"]
[Site "Internet Chess Club"]
[Date "2007.05.19"]
[Round "5"]
[White "upturnedcircle"]
[Black "BillyNoMates"]
[Result "0-1"]
[WhiteElo "1956"]
[BlackElo "1917"]
[ECO "A59"]
[TimeControl "2700+45"]

1. d4 Nf6 2. c4 c5 3. d5 b5 4. cxb5 a6 5. bxa6 Bxa6 6. Nc3 d6 7. e4 Bxf1 8. Kxf1
g6 9. Nf3 Nbd7 10. g3 Bg7 11. Kg2 O-O 12. h3 Qc7 13. Re1 Rfb8 14. Qe2 Ne8 15. a4
Qa5 16. Ra2 Nc7 17. Bg5 Kf8 18. e5 dxe5 19. Bxe7+ Kxe7 20. Nxe5 Nxe5 21. f4 Qa6
22. Qf2 Qc4 23. d6+ Kxd6 24. fxe5+ Ke6 25. Re4 Qb3 26. Qxc5 Qb6 27. Qc4+ Ke7 28.
Rf4 Qb7+ 29. Kh2 Ne6 30. Rf2 Rd8 31. Qh4+ Kf8 32. Qxh7 Ng5 33. Qxg6 Nf3+ 34.
Rxf3 Qxf3 {White resigns} 0-1

[Event "Team 45 45 League T33"]
[Site "Internet Chess Club"]
[Date "2007.05.18"]
[Round "5"]
[White "shijith"]
[Black "Fysh"]
[Result "1-0"]
[WhiteElo "1797"]
[BlackElo "1724"]
[ECO "E73"]
[TimeControl "2700+45"]

1. d4 Nf6 2. c4 g6 3. Nc3 Bg7 4. e4 d6 5. Be2 O-O 6. h4 e5 7. d5 Nbd7 8. h5 Nc5
9. hxg6 fxg6 10. Bg5 Qe8 11. Qc2 a6 12. b4 Ncd7 13. Qd2 Rf7 14. Nf3 Nh5 15. O-O
Nf4 16. Bxf4 exf4 17. Ng5 Re7 18. Ne6 Bxc3 19. Qxc3 Nb6 20. Bg4 c5 21. bxc5 dxc5
22. Rab1 Na4 23. Qb3 g5 24. Bf5 Bxe6 25. dxe6 Rd8 26. e5 Rb8 27. Rfd1 b5 28. Qc2
Qc6 29. Rd7 Rxd7 30. exd7 Nb6 31. Rd1 Rd8 32. Bxh7+ Kg7 33. Rd6 Qc7 34. Qg6+ Kh8
35. Qf6+ Kxh7 36. Qf7+ {Black resigns} 1-0

[Event "Team 45 45 League T33"]
[Site "Internet Chess Club"]
[Date "2007.05.18"]
[Round "5"]
[White "wonwickedclown"]
[Black "LoseOften"]
[Result "1/2-1/2"]
[WhiteElo "1702"]
[BlackElo "1800"]
[ECO "B90"]
[TimeControl "2700+45"]

1. e4 c5 2. Nf3 d6 3. d4 cxd4 4. Nxd4 Nf6 5. Nc3 a6 6. a4 e5 7. Nb3 Be6 8. Be2
Be7 9. O-O Nbd7 10. Nd5 Nxe4 11. Bf3 Nec5 12. Nxc5 Nxc5 13. b4 e4 14. Be2 Nd7
15. Bb2 O-O 16. Bc4 Bf6 17. Nxf6+ Nxf6 18. Bxe6 fxe6 19. Re1 Rc8 20. Rc1 Rc4 21.
Ba3 Nd5 22. b5 Qb6 23. Qg4 Qxf2+ 24. Kh1 Rxc2 25. Qxe6+ Kh8 26. Rg1 Rxc1 27.
Bxc1 Nf4 28. Qxe4 d5 29. Qf3 Qxf3 30. gxf3 Ne2 31. Re1 Nxc1 32. Rxc1 axb5 33.
axb5 Kg8 34. Kg2 d4 35. Rd1 Rd8 36. f4 Kf7 37. Kf3 Kf6 38. Ke4 Re8+ 39. Kd3 Kf5
40. Rf1 Rd8 41. Rg1 g6 42. Rc1 Rd7 43. b6 Rd6 44. Rc7 Rxb6 45. Rxh7 Rd6 46. Rxb7
Kxf4 47. Rb2 Ke5 48. Rg2 Kf4 49. Rf2+ Kg4 50. Re2 Kf3 51. Re8 Kg2 52. Re2+ Kh3
53. Rf2 Rd5 54. Re2 Rg5 55. Kxd4 Rg2 56. Rxg2 Kxg2 57. Ke5 Kxh2 {Game drawn by
mutual agreement} 1/2-1/2

[Event "Team 45 45 League T33"]
[Site "Internet Chess Club"]
[Date "2007.05.20"]
[Round "5"]
[White "Beancounter"]
[Black "touchthis"]
[Result "1/2-1/2"]
[WhiteElo "1704"]
[BlackElo "1788"]
[ECO "C03"]
[TimeControl "2700+45"]

1. e4 e6 2. d4 d5 3. Nd2 dxe4 4. Nxe4 Nd7 5. Nf3 Ngf6 6. Nxf6+ Nxf6 7. Bd3 Be7
8. O-O O-O 9. Ne5 c5 10. dxc5 Bxc5 11. Qe2 Qc7 12. h3 b6 13. c3 Bb7 14. Nf3 Qg3
15. Be3 Bxf3 16. Qxf3 Qxf3 17. gxf3 Bd6 18. Bg5 Be7 19. Rfd1 Rad8 20. Bc2 Rxd1+
21. Rxd1 {Game drawn by mutual agreement} 1/2-1/2

[Event "Team 45 45 League T33"]
[Site "Internet Chess Club"]
[Date "2007.05.20"]
[Round "5"]
[White "ivanson"]
[Black "alastorx"]
[Result "0-1"]
[WhiteElo "1870"]
[BlackElo "1972"]
[ECO "B01"]
[TimeControl "2700+45"]

1. e4 d5 2. exd5 Qxd5 3. Nc3 Qa5 4. d4 Nf6 5. Nf3 Nc6 6. Bd2 a6 7. Bc4 Qh5 8.
Ne5 Qxd1+ 9. Rxd1 e6 10. Nxc6 bxc6 11. O-O a5 12. Rfe1 Ba6 13. Bxa6 Rxa6 14. Ne4
Nd5 15. a3 Be7 16. c4 Nb6 17. Rc1 O-O 18. Bf4 Ra7 19. Red1 Rd8 20. Be3 h6 21.
Nd2 Rb7 22. Nb3 Ra8 23. Nc5 Rbb8 24. Bf4 Bd6 25. Bd2 Bxc5 26. dxc5 Na4 27. b4
Nb2 28. Rf1 axb4 29. Bxb4 Nd3 30. Rb1 Ra4 31. g3 Nxb4 32. Rxb4 Raxb4 33. axb4
Rxb4 34. Rc1 e5 35. Kf1 f5 36. f3 Kf7 37. Ke2 Rb2+ 38. Ke3 Rxh2 39. Rd1 Ke7 40.
Rg1 g5 41. g4 f4+ 42. Kd3 Rf2 43. Ke4 Ke6 44. Re1 Kf6 45. Kd3 Rxf3+ 46. Ke4 Re3+
{White resigns} 0-1

[Event "Team 45 45 League T33"]
[Site "Internet Chess Club"]
[Date "2007.05.19"]
[Round "5"]
[White "chinta"]
[Black "Sailor"]
[Result "1/2-1/2"]
[WhiteElo "1827"]
[BlackElo "1881"]
[ECO "B21"]
[TimeControl "2700+45"]

1. e4 c5 2. f4 Nc6 3. Nf3 g6 4. Nc3 Bg7 5. d3 d6 6. Bd2 Bg4 7. Be2 e6 8. Be3
Nge7 9. h3 Bxf3 10. Bxf3 Rb8 11. Rb1 O-O 12. h4 Nd4 13. h5 d5 14. hxg6 Nxf3+ 15.
Qxf3 d4 16. Qh5 fxg6 17. Qxh7+ Kf7 18. f5 exf5 19. Bh6 Rg8 20. Ne2 Qf8 21. Bxg7
Qxg7 22. Kd2 Rh8 23. Qxg7+ Kxg7 24. Nf4 Kf6 25. Rbe1 Rxh1 26. Rxh1 Ke5 27. g3
Re8 28. Rh6 fxe4 29. dxe4 Kxe4 30. Nxg6 Kf3 31. Nxe7 Rxe7 32. Rg6 Re2+ 33. Kd3
Re7 34. g4 b5 35. g5 Re3+ 36. Kd2 Re2+ 37. Kd1 Rg2 38. Rg7 Rg1+ 39. Kd2 Rg2+ 40.
Kd3 c4+ 41. Kxd4 Rxc2 42. g6 Rxb2 43. Rxa7 Rg2 44. g7 Rg4+ 45. Kc3 Ke4 46. Kb4
Rg5 47. Rd7 Ke5 48. a3 Kf6 49. g8=Q Rxg8 50. Rd5 Rb8 51. Rc5 Ke6 52. a4 bxa4+
53. Kxa4 {Game drawn by mutual agreement} 1/2-1/2

[Event "Team 45 45 League T33"]
[Site "Internet Chess Club"]
[Date "2007.05.20"]
[Round "5"]
[White "mickeys"]
[Black "NFK"]
[Result "1-0"]
[WhiteElo "1678"]
[BlackElo "1706"]
[ECO "A59"]
[TimeControl "2700+45"]

1. d4 Nf6 2. c4 c5 3. d5 b5 4. cxb5 a6 5. bxa6 Bxa6 6. Nc3 d6 7. e4 Bxf1 8. Kxf1
g6 9. g3 Bg7 10. Kg2 O-O 11. Nf3 Nbd7 12. h3 Qc7 13. Be3 Rfb8 14. Qc2 Nb6 15.
Nd2 e6 16. dxe6 fxe6 17. Rhd1 Qc6 18. f3 d5 19. exd5 exd5 20. Ne2 Re8 21. Kf2
Rac8 22. Rac1 Qe6 23. Nf1 d4 24. Bg5 Nbd5 25. Bxf6 Bxf6 26. Qc4 Kg7 27. Re1 Qd6
28. Rcd1 Ne3 29. Nxe3 Rxe3 30. Nf4 Rce8 31. Ng2 Rxe1 32. Nxe1 Qe5 33. Qd3 Qh5
34. h4 Re3 35. Qa6 Qe5 36. Ng2 Qd5 37. Nxe3 dxe3+ 38. Ke2 Qe5 39. Qb7+ Kh6 40.
f4 Qf5 41. Kxe3 Bd4+ 42. Rxd4 cxd4+ 43. Kxd4 Qc2 44. Qb3 Qd2+ 45. Kc4 Qe2+ 46.
Kb4 Qe7+ 47. Kc3 Qe3+ 48. Kc2 Qe2+ 49. Kc1 Qe1+ 50. Qd1 Qe3+ 51. Kb1 Qxg3 52. a4
Qxf4 53. Ka2 Qxh4 54. Qd2+ g5 55. a5 Qc4+ 56. Ka3 Qc5+ 57. b4 Qb5 58. Qd6+ Kh5
59. Qh2+ Kg6 60. Qd6+ Kh5 61. Qb6 Qd3+ 62. Ka4 Qc2+ 63. Kb5 Qd3+ 64. Kc6 Qe4+
65. Kc7 Qe7+ 66. Kb8 Qe8+ 67. Ka7 Qd7+ 68. Qb7 Qd4+ 69. Ka6 Qf6+ 70. Qb6 Qf1+
71. b5 Qf7 72. Qb7 Qe6+ 73. Ka7 g4 74. Qxh7+ Kg5 75. b6 Qc6 76. Qe7+ Kf4 77.
Qc7+ {Black resigns} 1-0